 Dungeon Crawl Stone Soup version 0.22-a0-858-g985ef60 (webtiles) character file.

1260 Supahsalami the Cudgeler (level 8, 0/51 HPs)
             Began as a Gargoyle Fighter on July 27, 2018.
             Slain by an orc priest
             ... wielding a +0 flail
              (4 damage)
             ... on level 5 of the Dungeon.
             The game lasted 00:16:36 (7313 turns).

Supahsalami the Cudgeler (Gargoyle Fighter)         Turns: 7313, Time: 00:16:37

Health: 0/51       AC: 13    Str: 27    XL:     8   Next: 52%
Magic:  8/8        EV:  8    Int:  9    God:
Gold:   229        SH: 10    Dex:  9    Spells: 7/7 levels left

rFire    + . .     SeeInvis .   a - +0 flail
rCold    . . .     Gourm    .   c - +0 shield
rNeg     + . .     Faith    .   u - +2 ring mail {rF+}
rPois    ∞         Spirit   .   (no helmet)
rElec    +         Reflect  .   (no cloak)
rCorr    .         Harm     .   (no gloves)
MR       .....                  (no boots)
Stlth    ..........             (no amulet)
HPRegen  0.17/turn              (no ring)
MPRegen  0.11/turn              (no ring)

@: mighty
A: negative energy resistance 1, electricity resistance, unbreathing,
petrification resistance, rot immunity, AC +5
a: no special abilities


You were on level 5 of the Dungeon.
You were not hungry.

You visited 2 branches of the dungeon, and saw 6 of its levels.

You collected 229 gold pieces.

Inventory:

Hand Weapons
 a - a +0 flail (weapon)
 b - a +0 halberd
Missiles
 i - 165 stones (quivered)
Armour
 c - a +0 shield (worn)
 t - a +0 chain mail
 u - a +2 ring mail of fire resistance (worn)
Scrolls
 g - 3 scrolls of magic mapping
 h - a scroll of fear {unknown}
 j - a scroll of enchant armour {unknown}
 m - a scroll of immolation {unknown}
 n - a scroll of remove curse
 o - a scroll of teleportation {unknown}
 p - a scroll of noise {unknown}
 q - a scroll of amnesia {unknown}
Potions
 d - a potion of might
 e - a potion of flight {unknown}
 f - 2 potions of lignification {unknown}
 l - 2 potions of brilliance
 r - 2 potions of haste
Comestibles
 k - 8 chunks of flesh
 s - 8 rations


   Skills:
 + Level 5.9 Fighting
 * Level 6.6 Maces & Flails
 + Level 5.9 Armour
 + Level 5.8 Shields


You had 7 spell levels left.
You didn't know any spells.
Your spell library was empty.

Dungeon Overview and Level Annotations

Branches:
Dungeon (5/15)             Temple (1/1) D:4

Altars:
Ashenzari
Cheibriados
Dithmenos
Elyvilon
Gozag
Kikubaaqudgha
Nemelex Xobeh
Okawaru
Qazlal
Ru
Uskayaw
Vehumet
Wu Jian
Xom
Yredelemnul
Zin
The Shining One

Shops:
D:5 *


Innate Abilities, Weirdness & Mutations

You are resistant to torment.
Your stone body is resilient. (AC +5)
You are immune to poison.
You resist negative energy. (rN+)
You are resistant to electric shocks. (rElec)
You can survive without breathing.
You are immune to petrification.
You are immune to rotting.


Message History

Beogh smites you!
* * * LOW HITPOINT WARNING * * *
You hit the orc priest.
The orc priest is moderately wounded.
The orc priest calls upon Beogh to heal the orc priest.
The orc priest's wounds heal themselves!
The orc priest hits you but does no damage. x2
Okay, then.
Okay, then.
Okay, then.
You feel very mighty all of a sudden.
The orc priest hits you but does no damage.
You sock the orc priest!
The orc priest is severely wounded.
The orc priest hits you but does no damage. x2
You sock the orc priest!
You kill the orc priest!
The orc priest looks encouraged for a moment.
The orc priest hits you with a flail.
You die...

#.....####............
......# #.#..##.#..
.###### #.#.#.....## .##
#...........
..##########...........
..÷...................
.)##########...(......
.)....### #.....####
........# #...)@#
......#.# #....)o......
...>....# #.....#......
......#############.....
............ .....
...######### .... ..)#
... ##)# ... #.#


You could see an orc priest.

Vanquished Creatures
  A black bear (D:4)
  An ogre (D:4)
  A bullfrog (D:3)
  A howler monkey (D:5)
  3 hounds
  5 orc priests
  12 orc wizards
  An iguana (D:4)
  A worker ant (D:4)
  9 adders
  11 gnolls
  3 oozes
  2 adder skeletons (D:4)
  2 worms (D:2)
  3 dart slugs
  2 leopard geckos
  38 orcs
  4 bats
  2 giant cockroaches (D:3)
  4 goblins
  9 hobgoblins
  11 jackals
  2 frilled lizards
  4 kobolds
  16 rats
148 creatures vanquished.

Notes
Turn   | Place    | Note
-------+----------+-------------------------------------------
     0 | D:1      | Supahsalami the Gargoyle Fighter began the quest for the Orb.
     0 | D:1      | Reached XP level 1. HP: 14/14 MP: 1/1
   147 | D:1      | Reached XP level 2. HP: 19/19 MP: 2/2
   771 | D:2      | Reached XP level 3. HP: 23/23 MP: 3/3
  1263 | D:2      | Reached skill level 3 in Maces & Flails
  1263 | D:2      | Reached XP level 4. HP: 19/29 MP: 4/4
  1483 | D:2      | Noticed a phantom
  1678 | D:2      | Found a stormy altar of Qazlal.
  1873 | D:3      | Reached XP level 5. HP: 31/33 MP: 5/5
  2350 | D:3      | Found a snail-covered altar of Cheibriados.
  2529 | D:4      | Reached skill level 4 in Maces & Flails
  2552 | D:4      | Found a staircase to the Ecumenical Temple.
  2563 | Temple   | Entered the Ecumenical Temple
  2656 | D:4      | Reached XP level 6. HP: 39/39 MP: 6/6
  3048 | D:4      | Reached XP level 7. HP: 18/44 MP: 7/7
  3332 | D:4      | Reached skill level 5 in Maces & Flails
  3341 | D:4      | Reached skill level 5 in Fighting
  3341 | D:4      | Reached skill level 5 in Armour
  3341 | D:4      | Reached skill level 5 in Shields
  3920 | D:3      | Found a glowing golden altar of the Shining One.
  3920 | D:3      | Found a sacrificial altar of Ru.
  4951 | D:3      | Found a glowing golden altar of the Shining One.
  4951 | D:3      | Found a sacrificial altar of Ru.
  4979 | D:3      | Found a snail-covered altar of Cheibriados.
  5293 | D:3      | Reached XP level 8. HP: 41/49 MP: 8/8
  5574 | D:4      | Reached skill level 6 in Maces & Flails
  5950 | D:4      | Found an iron altar of Okawaru.
  6171 | D:4      | Found a staircase to the Ecumenical Temple.
  6637 | D:5      | Entered Level 5 of the Dungeon
  6928 | D:5      | HP: 2/51 [something (3)]
  7203 | D:5      | Found Tailie Naps's Assorted Antiques.
  7313 | D:5      | Slain by an orc priest

Vault maps used:
D:1:      lemuel_arrival_lava_pool
D:2:      grunt_qazlal_sundering, first_ration
D:3:      gammafunk_temple_overflow_wave, kennysheep_slug_shrine
D:4:      kennysheep_okawaru_gauntlet, minmay_temple_entry_fiery
D:5:      serial_shops, shop
Temple:   nicolae_temple_x_marks_the_god

Skill      XL: |  1  2  3  4  5  6  7  8 |
---------------+-------------------------+-----
Maces & Flails | 3 4 5 6 |  6.6
Fighting       | 4 5 |  5.9
Armour         | 4 5 |  5.9
Shields        | 4 5 |  5.8

Action                   |  1- 3 |  4- 6 |  7- 9 || total
-------------------------+-------+-------+-------++-------
Melee: Flail             |   116 |   244 |   330 ||   690
Throw: Stone             |       |       |     4 ||     4
  Use: Scroll            |       |     5 |       ||     5
       Potion            |       |     1 |     2 ||     3
  Eat: Chunk             |     1 |     6 |    11 ||    18
       Ration            |       |       |     1 ||     1
Armor: Scale mail        |    59 |   170 |   127 ||   356
       Ring mail         |       |       |    74 ||    74
Dodge: Dodged            |    29 |    89 |   109 ||   227
Block: Shield            |    62 |   128 |   230 ||   420

Table legend:
 A = Spawn XP
 B = Non-spawn XP
 C = Spawn XP percentage of total XP
 D = Spawn monster count
 E = Non-spawn monster count
 F = Spawn count percentage of total count
 G = Total turns spent on level
                    A         B        C        D         E        F      G
               +---------+---------+-------+---------+---------+-------+---------
         Total |       0 |    1801 |   0.0 |       0 |     148 |   0.0 |  7313
               +---------+---------+-------+---------+---------+-------+---------
           D:1 |       0 |      32 |   0.0 |       0 |      15 |   0.0 |   781
           D:2 |       0 |      86 |   0.0 |       0 |      24 |   0.0 |  1315
           D:3 |       0 |     434 |   0.0 |       0 |      50 |   0.0 |  1814
           D:4 |       0 |     905 |   0.0 |       0 |      44 |   0.0 |  2760
           D:5 |       0 |     344 |   0.0 |       0 |      15 |   0.0 |   584
               +---------+---------+-------+---------+---------+-------+---------
